 Dungeon Crawl Stone Soup version 0.31-a0-210-gccc998df9b (webtiles) character file.

Game seed: 18042983060904880974

187684 2FriedEggs the Nimble (level 18, -14/220 HPs)
             Began as a Gnoll Monk on June 23, 2023.
             Was the Champion of Cheibriados.
             Demolished by an alligator snapping turtle (38 damage)
             ... on level 3 of the Shoals on June 30, 2023.
             The game lasted 01:59:25 (32898 turns).

2FriedEggs the Nimble (Gnoll Monk)                 Turns: 32898, Time: 01:59:26

Health: -14/220    AC: 25    Str: 31    XL:     18   Next: 52%
Magic:  0/34       EV: 29    Int: 32    God:    Cheibriados [******]
Gold:   533        SH:  0    Dex: 34    Spells: 27/42 levels left

rFire   + . .        o - +8 demon blade "Leech" {evervamp, Harm Drain rN+}
rCold   + . .        (no shield)
rNeg    + + +        y - +2 ring mail {rC+}
rPois   .            I - +2 hat "Kij Deum" {Will+ Dex+4 Stlth+}
rElec   +            X - +1 cloak of the New World {rF+ Str+5}
rCorr   +            g - +0 pair of gloves of Good Intentions {rElec rN+}
SInv    .            Q - +0 pair of boots {Stlth+}
Will    +++..        b - amulet of guardian spirit Stlth
                     O - ring of Lucidity {rElec rN++ Will+ rCorr Stlth-}
HPRegen 0.56/turn    n - ring of the Tortoise {AC+8}
MPRegen 0.24/turn

%: harm (+30% outgoing, +20% incoming), guardian spirit
@: berserking (expiring), very slow
A: fangs 1, strong nose, distributed training
a: Renounce Religion, Bend Time, Temporal Distortion, Slouch, Step From Time


You were on level 3 of the Shoals.
You worshipped Cheibriados.
Cheibriados was exalted by your worship.
You visited 7 branches of the dungeon, and saw 30 of its levels.
You also visited: Gauntlet.

You collected 6406 gold pieces.
You spent 5873 gold pieces at shops.

Inventory:

Hand Weapons
 a - a +3 broad axe of electrocution
 i - the +6 arbalest "Damnation" {damnation}
   (You found it on level 1 of the Elven Halls)
 o - the +8 demon blade "Leech" (weapon) {evervamp, Harm Drain rN+}
   (You bought it in a shop on level 8 of the Dungeon)

   rN:        It protects you from negative energy.
   Drain:     It drains your maximum health when unequipped.
   Harm:      It increases damage dealt and taken.
Missiles
 t - 7 silver javelins
 w - 3 throwing nets
Armour
 g - the +0 pair of gloves of Good Intentions (worn) {rElec rN+}
   (You found it in a Gauntlet)

   rElec:     It insulates you from electricity.
   rN:        It protects you from negative energy.
 y - a +2 ring mail of cold resistance (worn)
 E - a +2 robe of the Archmagi
 I - the +2 hat "Kij Deum" (worn) {Will+ Dex+4 Stlth+}
   (You bought it in a shop on level 2 of the Elven Halls)

   Dex:       It affects your dexterity (+4).
   Will:      It increases your willpower.
   Stlth:     It makes you more stealthy.
 Q - a +0 pair of boots of stealth (worn)
 X - the +1 cloak of the New World (worn) {rF+ Str+5}
   (You bought it in a shop on level 12 of the Dungeon)

   Str:       It affects your strength (+5).
   rF:        It protects you from fire.
Jewellery
 b - an amulet of guardian spirit (around neck)
 e - a ring of flight
 k - a +6 ring of dexterity
 n - the ring of the Tortoise (right hand) {AC+8}
   (You found it on level 2 of the Dungeon)

   [ring of protection]

   AC:        It affects your AC (+8).
 p - a ring of see invisible
 u - a +6 ring of dexterity
 O - the ring of Lucidity (left hand) {rElec rN++ Will+ rCorr Stlth-}
   (You found it in a Gauntlet)

   [ring of resist corrosion]

   rElec:     It insulates you from electricity.
   rN:        It greatly protects you from negative energy.
   rCorr:     It protects you from acid and corrosion.
   Will:      It increases your willpower.
   Stlth:     It makes you less stealthy.
 U - a +6 ring of intelligence
Wands
 f - a wand of digging (6)
 C - a wand of roots (15)
 F - a wand of polymorph (13)
 H - a wand of mindburst (7)
 J - a wand of flame (37)
 N - a wand of charming (17)
Scrolls
 h - 8 scrolls of teleportation
 q - a scroll of torment
 v - 3 scrolls of poison
 B - 2 scrolls of fear
 G - 2 scrolls of revelation
 K - a scroll of butterflies
 L - a scroll of fog
 T - a scroll of silence
 V - 3 scrolls of blinking
Potions
 c - 2 potions of ambrosia
 l - 5 potions of brilliance
 m - 5 potions of mutation
 r - 5 potions of cancellation
 x - 4 potions of heal wounds
 z - 3 potions of enlightenment
 A - a potion of resistance
 D - 2 potions of curing
 P - 2 potions of invisibility {unknown}
 W - 4 potions of might
Miscellaneous
 j - a sack of spiders (inert)
 R - a lightning rod (4/4)
 Z - a condenser vane (inert)


   Skills:
 + Level 14.3 Fighting
 + Level 12.8 Short Blades
 + Level 12.8 Long Blades
 + Level 12.8 Axes
 + Level 12.8 Maces & Flails
 + Level 14.3 Polearms
 + Level 12.8 Staves
 + Level 12.8 Ranged Weapons
 + Level 12.8 Throwing
 + Level 12.8 Armour
 + Level 14.3 Dodging
 + Level 12.8 Stealth
 + Level 12.8 Shields
 + Level 12.8 Unarmed Combat
 + Level 12.8 Spellcasting
 + Level 10.9 Conjurations
 + Level 10.9 Hexes
 + Level 10.9 Summonings
 + Level 10.9 Necromancy
 + Level 10.9 Translocations
 + Level 10.9 Transmutations
 + Level 10.9 Fire Magic
 + Level 10.9 Ice Magic
 + Level 10.9 Air Magic
 + Level 10.9 Earth Magic
 + Level 10.9 Poison Magic
 + Level 13.9 Invocations
 + Level 12.8 Evocations


You had 27 spell levels left.
You knew the following spells:

 Your Spells              Type           Power      Damage    Failure   Level
a - Slow                  Hex            100%       N/A       1%          1
b - Fireball              Conj/Fire      37%        3d15      1%          5
c - Irradiate             Conj/Tmut      37%        3d24      1%          5
d - Dispel Undead         Necr           74%        3d25      1%          4

Your spell library contained the following spells:

 Spells                   Type           Power      Damage    Failure   Level
 Beastly Appendage        Tmut           100%       N/A       1%          1
 Sandblast                Erth           100%       2d20      1%          1
 Cigotuvi's Dreadful Rot  Necr/Pois/Air  100%       N/A       1%          2
 Lesser Beckoning         Tloc           100%       N/A       1%          2
 Passwall                 Tmut/Erth      61%        N/A       1%          2
 Scorch                   Fire           100%       2d9       1%          2
 Wereblood                Tmut           74%        N/A       1%          2
 Call Canine Familiar     Summ           74%        N/A       1%          3
 Confusing Touch          Hex            74%        N/A       1%          3
 Frozen Ramparts          Ice            100%       1d16      1%          3
 Gell's Gravitas          Tloc           74%        N/A       1%          3
 Hailstorm                Conj/Ice       74%        3d15      1%          3
 Inner Flame              Hex/Fire       74%        N/A       1%          3
 Ozocubu's Armour         Ice            74%        N/A       1%          3
 Portal Projectile        Hex/Tloc       100%       N/A       1%          3
 Spider Form              Tmut/Pois      74%        N/A       1%          3
 Stone Arrow              Conj/Erth      100%       3d13      1%          3
 Teleport Other           Tloc           74%        N/A       1%          3
 Vampiric Draining        Necr           74%        2d11      1%          3
 Flame Wave               Conj/Fire      74%        2d16      1%          4
 Ice Form                 Ice/Tmut       74%        N/A       1%          4
 Leda's Liquefaction      Hex/Erth       37%        N/A       1%          4
 Manifold Assault         Tloc           74%        N/A       1%          4
 Sticky Flame             Conj/Fire      74%        2d9       1%          4
 Summon Ice Beast         Ice/Summ       74%        N/A       1%          4
 Blade Hands              Tmut           37%        N/A       1%          5
 Iskenderun's Battlesphe  Conj           74%        2d12      1%          5
 Metabolic Englaciation   Hex/Ice        37%        N/A       1%          5
 Conjure Ball Lightning   Conj/Air       37%        3x3d12    4%          6
 Death Channel            Necr           37%        N/A       4%          6
 Dispersal                Tloc           37%        N/A       4%          6
 Simulacrum               Ice/Necr       37%        N/A       4%          6
 Summon Cactus Giant      Summ           37%        N/A       4%          6
 Dragon Form              Tmut           37%        N/A       28%         7
 Orb of Destruction       Conj           37%        9d11      28%         7
 Disjunction              Tloc           37%        N/A       91%         8
 Fire Storm               Conj/Fire      37%        8d9       100%        9


Dungeon Overview and Level Annotations

Branches:
Dungeon (15/15)            Temple (1/1) D:5            Lair (5/5) D:11
 Shoals (3/4) Lair:2       Spider (0/4) Lair:2        Slime (0/5) Lair:4
    Orc (2/2) D:11            Elf (3/3) Orc:2        Vaults (0/5) D:13
 Depths (1/4) D:15        Gauntlet (visited)

Altars:
Ashenzari
Cheibriados
Dithmenos
Elyvilon
Fedhas
Gozag
Hepliaklqana
Kikubaaqudgha
Makhleb
Nemelex Xobeh
Okawaru
Qazlal
Ru
Sif Muna
Trog
Uskayaw
Vehumet
Wu Jian
Xom
Yredelemnul
Zin
The Shining One
Jiyva
Lugonu

Shops:
D:4 (   D:5 :   D:8 *   D:12 [([*   D:13 [   Orc:2 *[:(*   Elf:1 [   Elf:2 [?*
Shoals:2 **   Shoals:3 (

Portals:
Abyss: Lair:5

Annotations:
D:1 2 transporters
Elf:2 5 runed translucent doors


Innate Abilities, Weirdness & Mutations

You have very sharp teeth.
Your uncanny sense of smell can sniff out nearby items.
Your experience applies equally to all skills.


Message History

* * * LOW HITPOINT WARNING * * *
The alligator snapping turtle closely misses you.
The alligator snapping turtle barely misses you.
Okay, then.
You are too berserk!
Unknown command.
You are too berserk!
You are too berserk!
Unknown command.
Really wield
o - the +8 demon blade "Leech" {evervamp, Harm Drain rN+}?
You feel very empty.
o - the +8 demon blade "Leech" (weapon)
{evervamp, Harm Drain rN+} You feel a strong urge to attack something.
A faun comes into view. It is wielding a +0 quarterstaff.
The merfolk misses you.
Splash!
You fall into the shallow water.
Moving in this stuff is going to be slow.
The alligator snapping turtle barely misses you.
The snapping turtle bites you but does no damage.
Unknown command.
You are too injured to fight recklessly!
Unknown command.
You are too injured to fight recklessly!
You slice the water nymph!!
You feel better.
You kill the water nymph!
Cheibriados appreciates the change of pace.
The alligator snapping turtle completely misses you.
The alligator snapping turtle bites you from afar!
* * * LOW HITPOINT WARNING * * *
The merfolk completely misses you.
The alligator snapping turtle bites you but does no damage.
The merfolk closely misses you.
The alligator snapping turtle completely misses you.
The alligator snapping turtle closely misses you.
The snapping turtle barely misses you.
The alligator snapping turtle bites you!!
* * * LOW HITPOINT WARNING * * *
The alligator snapping turtle bites you from afar!!
You die...

.~~~~.~~~.##..##~~~..~........~~~
..~~~~<~~~....##....~~~..##....~~
..~~~~~~~...)∩.[....~~~..##....~~
..~~~~~....##..[.....~..##...~~~~
~~~≈~~~....##[(##..(....##...?~~~
~~~≈~~~......(.##....)..)....~~~~
≈≈≈≈~~~....~~~..........####..~~~
≈≈≈≈≈≈....~≈≈≈~.......)## ##.~~~
≈≈≈≈≈~~.>~~≈≈≈tt@.....~.#####.~~~
≈≈≈≈≈~..~~~≈≈.ct.....~~~[....~~~~
≈≈~≈≈~...~~~~.cttm...~~......~~~≈
≈~~~~≈~..~~.c..)t...........~~~≈≈
..~~≈~~~..).)....~~......~~~≈≈≈
~..~≈~~~.^~~~....~~...#..~~~≈≈≈
~~~~≈~.~~~~~~..~~~~..##..~~~≈≈≈
....~~~~~~~~~..~~~~~......)~~≈≈
~....~~~.~~~....~~~~....~..~~≈≈


You could see 4 alligator snapping turtles, 2 snapping turtles, a merfolk and 3
fauns.

Vanquished Creatures
  Jorgrun (D:15)
  A deep elf blademaster (Elf:3)
  Polyphemus (Shoals:2)
  A kraken (Shoals:1)
  Aizul (Shoals:1)
  3 deep elf sorcerers
  An orc warlord (Orc:2)
  The ghost of AwFulAwFulPlayer the Brawler, a journeyman TrMo of Gozag (Lair:3)
  5 deep elf annihilators
  A deep elf demonologist (Elf:3)
  A minotaur (Gauntlet)
  Snorg (Lair:5)
  A merfolk javelineer (Shoals:3)
  6 merfolk impalers
  A deep elf death mage (Elf:3)
  4 deep elf high priests
  2 great orbs of eyes
  Josephine (D:14)
  Harold (D:9)
  A yaktaur captain (D:13)
  3 hydras
  A merfolk avatar (Shoals:3)
  4 centaur warriors
  3 merfolk aquamancers (Shoals:1)
  2 catoblepae
  An alligator snapping turtle (Shoals:1)
  4 satyrs
  5 boulder beetles
  13 dancing weapons
  8 death yaks
  An alligator (Shoals:3)
  2 tengu warriors
  5 orc high priests (Orc:2)
  2 thrashing horrors (Lair:5)
  13 deep elf knights
  A goliath frog (Shoals:3)
  A sixfirhy (Gauntlet)
  6 skysharks
  17 sea snakes
  3 deep elf archers (Elf:1)
  Pikel (D:8)
  A necromancer (D:15)
  A wolf spider zombie (D:15)
  16 deep elf zephyrmancers
  5 orc knights
  20 deep elf pyromancers
  14 harpies
  13 ugly things
  4 orc sorcerers
  9 fauns
  10 cyclopes
  6 manticores
  8 merfolk sirens
  28 elephants
  7 black mambas
  2 naga magi (D:15)
  3 water nymphs
  8 centaur zombies
  12 cane toads
  2 smoke demons (Lair:5)
  4 large abominations (Lair:5)
  3 gargoyles
  An unseen horror (shapeshifter) (Elf:1)
  2 yaktaurs (D:13)
  A yaktaur (shapeshifter) (D:15)
  3 rime drakes
  2 hellions (Elf:1)
  An unseen horror (D:11)
  2 kobold demonologists
  A freezing wraith (D:15)
  An ancient zyme (Lair:5)
  13 merfolk
  3 tengu conjurers (D:15)
  11 komodo dragons
  12 trolls
  4 polar bears
  4 wind drakes
  A snapping turtle (shapeshifter) (Elf:1)
  A wolf spider simulacrum (D:15)
  7 snapping turtles
  22 blink frogs
  10 dream sheep
  Grinder (D:5)
  12 slime creatures
  3 air elementals
  4 vampires
  A jumping spider (shapeshifter) (D:14)
  3 spectral black mambas (Lair:3)
  5 shadows
  8 water elementals
  A spriggan (Lair:5)
  8 wyverns
  9 wraiths
  A ynoxinul (Lair:5)
  3 chaos spawn (Lair:5)
  2 fire elementals
  7 basilisks
  60 yaks
  4 vampire mosquitoes
  A redback (Lair:2)
  5 wargs
  A death yak simulacrum (Lair:3)
  Menkaure (D:5)
  A harpy simulacrum (D:15)
  Edmund (D:4)
  An acid dragon (D:12)
  Duvessa (D:4)
  14 water moccasins
  2 ice beasts
  A black bear (Lair:2)
  29 orc warriors
  A sky beast (D:7)
  4 ogres
  A wolf (Lair:2)
  10 centaurs
  A lemure (D:8)
  2 phantoms
  5 kobold brigands
  12 bullfrogs
  12 small abominations (Lair:5)
  4 gnoll sergeants
  A cane toad simulacrum (Lair:3)
  10 wights
  Dowan (D:4)
  2 troll zombies (D:11)
  6 howler monkeys
  An electric eel (Lair:3)
  6 jellies
  Crazy Yiuf (D:7)
  17 orc priests
  4 hounds
  A gnoll bouda (D:7)
  Terence (D:2)
  A boggart zombie (D:11)
  3 iguanas
  A sleepcap (D:4)
  38 orc wizards
  Natasha (thrice) (D:4)
  6 hell rats (Lair:2)
  A boggart skeleton (D:15)
  4 ogre zombies (D:11)
  A human simulacrum (D:14)
  31 gnolls
  4 adders
  A shadow imp (D:6)
  A white imp (D:5)
  3 ufetubi
  5 dart slugs
  67 orcs
  3 ball pythons
  7 endoplasms
  4 giant cockroaches
  5 goblins
  9 hobgoblins
  4 jackals
  3 quokkas
  5 bats
  6 frilled lizards
  2 hobgoblin skeletons (D:11)
  A hobgoblin zombie (D:11)
  26 kobolds
  3 orc skeletons (D:11)
  12 orc zombies (D:11)
  5 rats
  3 tentacles (Shoals:1)
970 creatures vanquished.

Vanquished Creatures (collateral kills)
  A fire crab (shapeshifter) (D:14)
  A goliath frog (Shoals:3)
2 creatures vanquished.

Vanquished Creatures (others)
  2 deep elf knights (Elf:1)
  A slime creature (D:13)
  A human simulacrum (D:14)
  3 tentacles (Shoals:1)
7 creatures vanquished.

Grand Total: 979 creatures vanquished

Notes
Turn   | Place    | Note
-------+----------+-------------------------------------------
     0 | D:1      | 2FriedEggs the Gnoll Monk began the quest for the Orb.
     0 | D:1      | Reached XP level 1. HP: 23/23 MP: 1/1
   140 | D:1      | Reached XP level 2. HP: 20/29 MP: 2/2
   360 | D:1      | Reached XP level 3. HP: 35/35 MP: 3/3
   405 | D:1      | Learned a level 1 spell: Slow
   538 | D:1      | Reached skill level 1 in Invocations
   548 | D:1      | Found a faded altar of an unknown god.
  1231 | D:2      | Reached skill level 1 in Short Blades
  1231 | D:2      | Reached skill level 1 in Long Blades
  1231 | D:2      | Reached skill level 1 in Axes
  1231 | D:2      | Reached skill level 1 in Maces & Flails
  1231 | D:2      | Reached skill level 1 in Staves
  1231 | D:2      | Reached skill level 1 in Ranged Weapons
  1231 | D:2      | Reached skill level 1 in Throwing
  1231 | D:2      | Reached skill level 1 in Armour
  1231 | D:2      | Reached skill level 1 in Stealth
  1231 | D:2      | Reached skill level 1 in Shields
  1231 | D:2      | Reached skill level 1 in Unarmed Combat
  1231 | D:2      | Reached skill level 1 in Spellcasting
  1231 | D:2      | Reached skill level 1 in Evocations
  1508 | D:2      | Noticed Terence
  1536 | D:2      | Killed Terence
  1537 | D:2      | Reached XP level 4. HP: 16/41 MP: 5/5
  1658 | D:2      | Reached skill level 1 in Conjurations
  1658 | D:2      | Reached skill level 1 in Hexes
  1658 | D:2      | Reached skill level 1 in Summonings
  1658 | D:2      | Reached skill level 1 in Necromancy
  1658 | D:2      | Reached skill level 1 in Translocations
  1658 | D:2      | Reached skill level 1 in Transmutations
  1658 | D:2      | Reached skill level 1 in Fire Magic
  1658 | D:2      | Reached skill level 1 in Ice Magic
  1658 | D:2      | Reached skill level 1 in Air Magic
  1658 | D:2      | Reached skill level 1 in Earth Magic
  1658 | D:2      | Reached skill level 1 in Poison Magic
  1717 | D:2      | Found the ring of the Tortoise {AC+8}
  1986 | D:3      | Identified the +5 sling of Action {heavy, Fly rC+ Str-2}
  2410 | D:3      | Reached XP level 5. HP: 47/47 MP: 7/7
  2898 | D:4      | Noticed Edmund
  3071 | D:4      | Noticed Dowan
  3073 | D:4      | Noticed Duvessa
  3083 | D:4      | Noticed Natasha
  3089 | D:4      | Killed Natasha
  3090 | D:4      | Reached XP level 6. HP: 19/53 MP: 8/8
  3200 | D:4      | Noticed Natasha
  3204 | D:4      | Killed Natasha
  3256 | D:4      | Noticed Natasha
  3262 | D:4      | Killed Natasha
  3311 | D:4      | Found Ypraf's Antique Weapon Boutique.
  3471 | D:4      | Bought a glowing hand axe for 204 gold pieces
  3500 | D:4      | Killed Dowan
  3557 | D:4      | Killed Duvessa
  3558 | D:4      | Reached XP level 7. HP: 28/60 MP: 10/10
  4044 | D:4      | Killed Edmund
  4291 | D:5      | Entered Level 5 of the Dungeon
  4337 | D:5      | Noticed Grinder
  4355 | D:5      | Paralysed by Grinder for 5 turns
  4363 | D:5      | Killed Grinder
  4426 | D:5      | Noticed Menkaure
  4452 | D:5      | Killed Menkaure
  4453 | D:5      | Reached XP level 8. HP: 11/67 MP: 12/12
  4815 | D:5      | Found a staircase to the Ecumenical Temple.
  4834 | Temple   | Entered the Ecumenical Temple
  4834 | Temple   | Found a transporter.
  4834 | Temple   | Found a transporter.
  4836 | Temple   | Found a transporter.
  4836 | Temple   | Found a transporter.
  4877 | Temple   | Became a worshipper of Cheibriados the Contemplative
  4877 | Temple   | Reached * piety under Cheibriados
  4877 | Temple   | Reached ** piety under Cheibriados
  5056 | D:5      | Found Woeggex's Tremendous Tomes.
  5892 | D:6      | Reached XP level 9. HP: 72/73 MP: 15/15
  5931 | D:6      | Reached *** piety under Cheibriados
  7032 | D:7      | Reached skill level 5 in Invocations
  7042 | D:7      | Reached **** piety under Cheibriados
  7368 | D:7      | Found a runed translucent door.
  7369 | D:7      | Noticed Crazy Yiuf
  7675 | D:7      | Killed Crazy Yiuf
  7909 | D:7      | Reached skill level 5 in Short Blades
  7909 | D:7      | Reached skill level 5 in Long Blades
  7909 | D:7      | Reached skill level 5 in Axes
  7909 | D:7      | Reached skill level 5 in Maces & Flails
  7909 | D:7      | Reached skill level 5 in Staves
  7909 | D:7      | Reached skill level 5 in Ranged Weapons
  7909 | D:7      | Reached skill level 5 in Throwing
  7909 | D:7      | Reached skill level 5 in Armour
  7909 | D:7      | Reached skill level 5 in Stealth
  7909 | D:7      | Reached skill level 5 in Shields
  7909 | D:7      | Reached skill level 5 in Unarmed Combat
  7909 | D:7      | Reached skill level 5 in Spellcasting
  7909 | D:7      | Reached skill level 5 in Evocations
  7909 | D:7      | Reached XP level 10. HP: 39/81 MP: 17/17
  8205 | D:8      | Reached ***** piety under Cheibriados
  8323 | D:8      | Noticed Pikel
  8331 | D:8      | Killed Pikel
  8559 | D:8      | Found a shimmering blue altar of Sif Muna.
  8559 | D:8      | Found a sparkling altar of Nemelex Xobeh.
  8644 | D:8      | You fall into a shaft and drop 2 floors!
  8644 | D:10     | Entered Level 10 of the Dungeon
  8772 | D:10     | Found a sacrificial altar of Ru.
  9251 | D:8      | Found Gazxaw's Assorted Antiques.
  9259 | D:8      | Bought a scroll labelled JEUSANIDGHURI for 34 gold pieces
  9259 | D:8      | Bought a scroll labelled GUMAWYTADU for 34 gold pieces
  9259 | D:8      | Bought a scroll labelled UCZERA DYLUZ for 34 gold pieces
  9265 | D:8      | Identified 2 scrolls of acquirement
  9265 | D:8      | Acquired 1136 gold pieces
  9268 | D:8      | Acquired 888 gold pieces
  9634 | D:9      | Found an iron altar of Okawaru.
  9781 | D:9      | Noticed Harold
  9803 | D:9      | Killed Harold
  9804 | D:9      | Reached skill level 5 in Conjurations
  9804 | D:9      | Reached skill level 5 in Hexes
  9804 | D:9      | Reached skill level 5 in Summonings
  9804 | D:9      | Reached skill level 5 in Necromancy
  9804 | D:9      | Reached skill level 5 in Translocations
  9804 | D:9      | Reached skill level 5 in Transmutations
  9804 | D:9      | Reached skill level 5 in Fire Magic
  9804 | D:9      | Reached skill level 5 in Ice Magic
  9804 | D:9      | Reached skill level 5 in Air Magic
  9804 | D:9      | Reached skill level 5 in Earth Magic
  9804 | D:9      | Reached skill level 5 in Poison Magic
  9804 | D:9      | Reached XP level 11. HP: 50/89 MP: 20/20
 11008 | D:10     | Found an ornate altar of the Wu Jian Council.
 11069 | D:10     | Noticed a boulder beetle
 11147 | D:10     | Killed a boulder beetle
 11839 | D:11     | Noticed a cyclops
 11844 | D:11     | Found a staircase to the Lair.
 11851 | D:11     | Killed a cyclops
 11933 | D:11     | Noticed a tengu warrior
 11935 | D:11     | Killed a tengu warrior
 11944 | D:11     | Reached XP level 12. HP: 72/97 MP: 22/22
 11958 | D:11     | Reached ****** piety under Cheibriados
 12104 | D:11     | Found a staircase to the Orcish Mines.
 12478 | D:11     | Found a glowing golden altar of the Shining One.
 12500 | D:11     | Learned a level 5 spell: Fireball
 12586 | D:12     | Found Ebosh's Antique Weapon Shop.
 12586 | D:12     | Found Omoutac's General Store.
 12586 | D:12     | Found Peac Rau's Armour Shop.
 12587 | D:12     | Found Nannecep's Armour Shop.
 12588 | D:12     | Noticed a boulder beetle
 12610 | D:12     | Killed a boulder beetle
 12614 | D:12     | Noticed Nessos
 12620 | D:12     | Reached skill level 10 in Fighting
 12620 | D:12     | Reached skill level 10 in Polearms
 12620 | D:12     | Reached skill level 10 in Dodging
 12623 | D:12     | Nessos changed into Nessos the dream sheep
 12623 | D:12     | Noticed Nessos
 12632 | D:12     | Killed Nessos the dream sheep
 12760 | D:12     | Bought a runed sling for 135 gold pieces
 13102 | D:12     | Bought the +1 cloak of the New World {rF+ Str+5} for 578
                  | gold pieces
 13119 | D:12     | Learned a level 5 spell: Irradiate
 13123 | D:12     | Bought a +0 pair of boots for 63 gold pieces
 13240 | D:12     | Noticed a seven-headed hydra
 13240 | D:12     | Noticed a centaur warrior
 13324 | D:12     | Bought a brightly glowing orcbow for 255 gold pieces
 13324 | D:12     | Identified the +4 orcbow "Xoxkenuju" {antimagic, rElec
                  | rPois rN+ Str-4} (You bought it in a shop on level 12 of
                  | the Dungeon)
 13442 | Lair:1   | Entered Level 1 of the Lair of Beasts
 14294 | Lair:2   | Noticed a six-headed hydra
 14367 | D:12     | Bought a +2 kite shield for 181 gold pieces
 14545 | Lair:2   | Found a staircase to the Shoals.
 14551 | Lair:2   | Found a hole to the Spider Nest.
 14551 | Lair:2   | You fall into a shaft and drop 1 floor!
 14597 | Lair:3   | Reached XP level 13. HP: 96/104 MP: 25/25
 16223 | Lair:3   | Found a runed translucent gate.
 16224 | Lair:3   | Found a runed translucent gate.
 16224 | Lair:3   | Found a runed translucent gate.
 16228 | Lair:3   | Noticed AwFulAwFulPlayer's ghost (journeyman TrMo)
 16628 | Lair:3   | Killed AwFulAwFulPlayer's ghost
 17025 | Lair:4   | Reached skill level 10 in Invocations
 17025 | Lair:4   | Reached XP level 14. HP: 108/113 MP: 27/27
 17194 | Lair:4   | Found a viscous altar of Jiyva.
 17196 | Lair:4   | Found a staircase to the Slime Pits.
 17849 | Lair:5   | Entered Level 5 of the Lair of Beasts
 17941 | Lair:5   | Noticed Snorg
 17956 | Lair:5   | Killed Snorg
 18743 | Lair:5   | Reached skill level 10 in Short Blades
 18743 | Lair:5   | Reached skill level 10 in Long Blades
 18743 | Lair:5   | Reached skill level 10 in Axes
 18743 | Lair:5   | Reached skill level 10 in Maces & Flails
 18743 | Lair:5   | Reached skill level 10 in Staves
 18743 | Lair:5   | Reached skill level 10 in Ranged Weapons
 18743 | Lair:5   | Reached skill level 10 in Throwing
 18743 | Lair:5   | Reached skill level 10 in Armour
 18743 | Lair:5   | Reached skill level 10 in Stealth
 18743 | Lair:5   | Reached skill level 10 in Shields
 18743 | Lair:5   | Reached skill level 10 in Unarmed Combat
 18743 | Lair:5   | Reached skill level 10 in Spellcasting
 18743 | Lair:5   | Reached skill level 10 in Evocations
 18976 | Lair:5   | Reached XP level 15. HP: 106/120 MP: 29/29
 19307 | Lair:5   | Found a corrupted altar of Lugonu.
 19307 | Lair:5   | Found a one-way gate to the infinite horrors of the Abyss.
 20086 | Orc:1    | Entered Level 1 of the Orcish Mines
 20289 | D:12     | Got Lehudib's Octavo of Conflict
 20606 | D:13     | Found a gate to the Vaults.
 20619 | D:13     | Found a gate leading to a gauntlet.
 20641 | Gauntlet | Entered a Gauntlet
 20641 | Gauntlet | Found a transporter.
 20641 | Gauntlet | Found a transporter.
 20717 | Gauntlet | Found a runed translucent door.
 20719 | Gauntlet | Found a transporter.
 20721 | Gauntlet | Found a transporter.
 20721 | Gauntlet | Found a transporter.
 20723 | Gauntlet | Found a runed translucent door.
 20724 | Gauntlet | Found a transporter.
 20757 | Gauntlet | Found a transporter.
 20759 | Gauntlet | Found a transporter.
 20759 | Gauntlet | Found a transporter.
 20771 | Gauntlet | Found a transporter.
 20787 | Gauntlet | Found a transporter.
 20797 | Gauntlet | Found a transporter.
 20811 | Gauntlet | Found a transporter.
 20831 | Gauntlet | Found a transporter.
 20929 | Gauntlet | Identified the ring of Lucidity {rElec rN++ Will+ rCorr
                  | Stlth-}
 21074 | Gauntlet | Identified the +0 pair of gloves of Good Intentions {rElec
                  | rN+}
 21129 | Gauntlet | Identified the staff "Loqupeh" {rF+ rC+ Dex+2 Fire}
 21148 | Gauntlet | Acquired 502 gold pieces
 21822 | D:13     | Found Ofuts's Armour Emporium.
 22172 | D:14     | Noticed Josephine
 22185 | D:14     | Killed Josephine
 23650 | D:15     | Entered Level 15 of the Dungeon
 23810 | D:15     | Noticed Jorgrun
 23827 | D:15     | Killed Jorgrun
 24503 | D:15     | Found an opulent altar of Gozag.
 24678 | D:15     | Reached XP level 16. HP: 120/129 MP: 27/30
 25167 | D:15     | Found a staircase to the Depths.
 25251 | Depths:1 | Entered Level 1 of the Depths
 25538 | Orc:1    | Learned a level 4 spell: Dispel Undead
 25657 | Orc:2    | Entered Level 2 of the Orcish Mines
 26121 | Orc:2    | Found Otaul's General Store.
 26140 | Orc:2    | Found Nukh's Book Shop.
 26142 | Orc:2    | Found Vuhuriash's Antique Armour Shop.
 26142 | Orc:2    | Found Gewair's Antique Weapon Boutique.
 26161 | Orc:2    | Bought a twisted chain mail for 332 gold pieces
 26161 | Orc:2    | Identified the +0 chain mail of Starshine {Int+2} (You
                  | bought it in a shop on level 2 of the Orcish Mines)
 26417 | Orc:2    | Found a staircase to the Elven Halls.
 26569 | Orc:2    | Found Muit's General Store.
 26605 | Orc:1    | Found a radiant altar of Vehumet.
 26791 | Elf:1    | Entered Level 1 of the Elven Halls
 26835 | Elf:1    | Paralysed by an air elemental for 1 turns
 26865 | Elf:1    | Upgraded the game from 0.31-a0-187-gba352fbbf7 to
                  | 0.31-a0-196-g86fe4a5e66
 27305 | D:8      | Bought the +8 demon blade "Leech" {evervamp, Harm Drain
                  | rN+} for 3080 gold pieces
 27305 | D:8      | Found the +8 demon blade "Leech" {evervamp, Harm Drain rN+}
 27816 | Elf:1    | Found the +6 arbalest "Damnation" {damnation}
 28142 | Elf:1    | Found Huaceum's Armour Emporium.
 28428 | Elf:2    | Reached XP level 17. HP: 125/127 MP: 32/32
 28428 | Elf:2    | Paralysed by an air elemental for 1 turns
 28437 | Elf:2    | Paralysed by an air elemental for 1 turns
 28451 | Elf:1    | Reached skill level 10 in Conjurations
 28451 | Elf:1    | Reached skill level 10 in Hexes
 28451 | Elf:1    | Reached skill level 10 in Summonings
 28451 | Elf:1    | Reached skill level 10 in Necromancy
 28451 | Elf:1    | Reached skill level 10 in Translocations
 28451 | Elf:1    | Reached skill level 10 in Transmutations
 28451 | Elf:1    | Reached skill level 10 in Fire Magic
 28451 | Elf:1    | Reached skill level 10 in Ice Magic
 28451 | Elf:1    | Reached skill level 10 in Air Magic
 28451 | Elf:1    | Reached skill level 10 in Earth Magic
 28451 | Elf:1    | Reached skill level 10 in Poison Magic
 28912 | Elf:2    | Found a huge runed translucent gate.
 28912 | Elf:2    | Found a huge runed translucent gate.
 28914 | Elf:2    | Found a huge runed translucent gate.
 28914 | Elf:2    | Found a huge runed translucent gate.
 28915 | Elf:2    | Found a huge runed translucent gate.
 28981 | Elf:2    | Found Tadgh's Antique Weapon Shop.
 28991 | Elf:2    | Found Pite's Antique Armour Boutique.
 29004 | Elf:2    | Acquired 842 gold pieces
 29006 | Elf:2    | Bought a pair of runed boots for 255 gold pieces
 29017 | Elf:2    | Bought a scorched hat for 306 gold pieces
 29017 | Elf:2    | Identified the +2 hat "Kij Deum" {Will+ Dex+4 Stlth+} (You
                  | bought it in a shop on level 2 of the Elven Halls)
 29081 | Elf:2    | Found Neantof's Magic Scroll Shop.
 29144 | Elf:2    | Found Raiz's General Store.
 29149 | Elf:2    | Bought a potion of mutation for 120 gold pieces
 29149 | Elf:2    | Bought 2 potions of heal wounds for 150 gold pieces
 29149 | Elf:2    | Bought a scroll of blinking for 112 gold pieces
 29296 | Elf:2    | Found Noemef's Antique Weapon Boutique.
 29451 | Elf:3    | Entered Level 3 of the Elven Halls
 29484 | Elf:3    | Noticed a deep elf blademaster
 29488 | Elf:3    | Killed a deep elf blademaster
 29644 | Elf:3    | Noticed a deep elf master archer
 30020 | Shoals:1 | Entered Level 1 of the Shoals
 30220 | Shoals:1 | Noticed Aizul
 30231 | Shoals:1 | Upgraded the game from 0.31-a0-196-g86fe4a5e66 to
                  | 0.31-a0-210-gccc998df9b
 30238 | Shoals:1 | HP: 5/138 [Aizul (12)]
 30240 | Shoals:1 | Killed Aizul
 30633 | Shoals:1 | Noticed a kraken
 30642 | Shoals:1 | Killed a kraken
 31211 | Shoals:2 | Noticed Polyphemus
 31211 | Shoals:2 | Found the +2 hat of the Bear Spirit {Spirit, Bear, *Rage
                  | Will++}
 31320 | Shoals:2 | Reached XP level 18. HP: 146/146 MP: 34/34
 31342 | Shoals:2 | Killed Polyphemus
 31521 | Shoals:2 | Found Foybbump's General Store.
 31854 | Shoals:2 | Found Jenux's General Store.
 32425 | Shoals:3 | Found Ecrosam's Weapon Shop.
 32886 | Shoals:3 | Identified the +5 robe of the Lute {Rampage Int+2 Stlth+}
 32898 | Shoals:3 | Demolished by an alligator snapping turtle

Illustrated notes

Levels and vault maps discovered:
D:1:      spicycebolla_arrival_transporter_tutorial, layout_loops_ring,
          dreamdust_ecumenical_altar_angels_and_demons, chequers_big_river,
          minmay_small_reverse_x
D:2:      layout_loops_cross, uniq_terence
D:3:      layout_basic
D:4:      layout_gridville, serial_shops, shop, uniq_duvessa, uniq_natasha,
          uniq_edmund
D:5:      layout_basic, minmay_temple_entry_sparse_star,
          nicolae_shop_i_like_big_books, uniq_grinder, uniq_menkaure
D:6:      layout_basic, serial_rivers, chequers_serial_rivers_room_b,
          chequers_serial_rivers_room_a, chequers_serial_rivers_small_a,
          chequers_serial_rivers_room_a, chequers_serial_rivers_micro_b,
          chequers_serial_rivers_room_a
D:7:      layout_basic, uniq_crazy_yiuf_cottage
D:8:      layout_loops_corners, gammafunk_temple_overflow_pools, serial_shops,
          shop, uniq_pikel
D:9:      layout_stronghold, mainiacjoe_overflow_24_doors, uniq_harold
D:10:     layout_roguey, amcnicky_altar_gilded, nzn_wu_jian_council_hall,
          kennysheep_potato
D:11:     layout_cave_pools, lair_entry_dummy, zombieorc1_lemuel, serial_undead,
          serial_undead_c, serial_undead_d, serial_undead_a, serial_undead_f,
          serial_undead_b, tso_oasis_becter
D:12:     minmay_the_grid_four_pointed_star
          [minmay_the_grid_triangle_9x9_zippers_vertical,
          minmay_the_grid_triangle_9x9_from_above,
          minmay_the_grid_triangle_9x9_sprig,
          minmay_the_grid_triangle_9x9_alien,
          minmay_the_grid_prize_inner_circle], layout_cave_pools,
          minmay_shop_grid_forest, uniq_nessos
D:13:     layout_layer_cave, david_vaults_2, gauntlet_entry_generic,
          serial_shops, shop_fountains, minmay_misc_feat_diagonals
D:14:     layout_gridville, minmay_misc_feat_rugged, bh_circular_ruins,
          uniq_josephine
D:15:     grunt_enter_depths_magical_seal, layout_basic,
          nicolae_gozag_seed_capital, uniq_jorgrun
Temple:   hellmonk_temple_divided_pantheon
Lair:1:   layout_layer_cave, chequers_serial_rivers_small_3
Lair:2:   layout_long_grid, shoals_dummy_entry, spider_nest_entry_rubble,
          st_stairs_8, chequers_serial_rivers_room_b, grunt_megastairs_3
Lair:3:   layout_cellular_growth, gammafunk_ghost_necromancy,
          serial_bayou_shore_a
Lair:4:   layout_regular_city, minmay_slime_entry_pillars,
          grunt_forest_stairs_basic
Lair:5:   hellmonk_lair_end_abyssal_woods, layout_layer_cave,
          grunt_megastairs_1, lemuel_fruit_fields, uniq_snorg
Shoals:1: cheibrodos_shoals_three_sisters, layout_shoals, uniq_aizul
Shoals:2: layout_shoals, serial_shops, shop, nicolae_shoals_c_island,
          uniq_polyphemus
Shoals:3: layout_shoals, serial_shops, nicolae_square_shop,
          nicolae_shoals_goliath_grotto
Orc:1:    layout_caves, basic_altar, statue_in_the_mist_lemuel
Orc:2:    st_orc_congregation, layout_caves, serial_shops, shop
Elf:1:    nicolae_elf_arrival_fired_up, layout_geoelf_grid,
          portal_ice_cave_entry_pillars_three, serial_shops,
          nicolae_shop_scrapyard, minivault_28,
          hellmonk_guarded_unrand_damnation
Elf:2:    elven_hall_of_blades_hangedman_alternative [nicolae_blade_tridents],
          layout_rooms, serial_shops, shop, nicolae_shop_rolling_square,
          nicolae_shop_peninsula, shop, shop
Elf:3:    minmay_elf_hall_furrowed, layout_gridlike, serial_shops, shop,
          nicolae_elf_altarnating
Depths:1: nzn_winding_woodlands_cross [nzn_winding_woodlands_5x15_cabin,
          nzn_winding_woodlands_5x15_garden, nzn_winding_woodlands_5x15_parted,
          nzn_winding_woodlands_5x15_split_checker,
          nzn_winding_woodlands_15x15_five_gardens], layout_twisted_cross,
          hangedman_decor_clover_reticule, abyss_entry_small_statue_room,
          grunt_mini_vestibule, minmay_misc_feat_roman,
          serial_sigils_hangedman_quiver, nicolae_the_louvre,
          serial_bayou_shore_b

Skill      XL: |  1  2  3  4  5  6  7  8  9 10 11 12 13 14 15 16 17 |
---------------+----------------------------------------------------+-----
Invocations    | 1 2 3 4 5 6 7 8 10 11 12 13 | 13.9
Short Blades   | 1 2 3 4 5 6 7 8 9 10 11 12 | 12.8
Long Blades    | 1 2 3 4 5 6 7 8 9 10 11 12 | 12.8
Axes           | 1 2 3 4 5 6 7 8 9 10 11 12 | 12.8
Maces & Flails | 1 2 3 4 5 6 7 8 9 10 11 12 | 12.8
Staves         | 1 2 3 4 5 6 7 8 9 10 11 12 | 12.8
Ranged Weapons | 1 2 3 4 5 6 7 8 9 10 11 12 | 12.8
Throwing       | 1 2 3 4 5 6 7 8 9 10 11 12 | 12.8
Armour         | 1 2 3 4 5 6 7 8 9 10 11 12 | 12.8
Stealth        | 1 2 3 4 5 6 7 8 9 10 11 12 | 12.8
Shields        | 1 2 3 4 5 6 7 8 9 10 11 12 | 12.8
Unarmed Combat | 1 2 3 4 5 6 7 8 9 10 11 12 | 12.8
Spellcasting   | 1 2 3 4 5 6 7 8 9 10 11 12 | 12.8
Evocations     | 1 2 3 4 5 6 7 8 9 10 11 12 | 12.8
Conjurations   | 1 2 3 4 5 6 7 8 9 10 | 10.9
Hexes          | 1 2 3 4 5 6 7 8 9 10 | 10.9
Summonings     | 1 2 3 4 5 6 7 8 9 10 | 10.9
Necromancy     | 1 2 3 4 5 6 7 8 9 10 | 10.9
Translocations | 1 2 3 4 5 6 7 8 9 10 | 10.9
Transmutations | 1 2 3 4 5 6 7 8 9 10 | 10.9
Fire Magic     | 1 2 3 4 5 6 7 8 9 10 | 10.9
Ice Magic      | 1 2 3 4 5 6 7 8 9 10 | 10.9
Air Magic      | 1 2 3 4 5 6 7 8 9 10 | 10.9
Earth Magic    | 1 2 3 4 5 6 7 8 9 10 | 10.9
Poison Magic   | 1 2 3 4 5 6 7 8 9 10 | 10.9
Fighting       | 7 8 9 10 11 12 13 14 | 14.3
Polearms       | 7 8 9 10 11 12 13 14 | 14.3
Dodging        | 7 8 9 10 11 12 13 14 | 14.3

Action                     |  1- 3 |  4- 6 |  7- 9 | 10-12 | 13-15 | 16-18 || total
---------------------------+-------+-------+-------+-------+-------+-------++-------
  Melee: Spear             |   151 |    41 |       |       |       |       ||   192
         Bite              |    17 |    12 |    54 |   102 |   134 |    56 ||   375
         Hand axe          |       |    22 |   334 |     5 |    22 |       ||   383
         Trident           |       |       |       |   583 |   204 |       ||   787
         Punch             |       |       |       |     1 |       |       ||     1
         Broad axe         |       |       |       |       |   616 |   327 ||   943
         Demon blade       |       |       |       |       |       |    74 ||    74
   Fire: Sling             |       |    77 |       |    35 |       |       ||   112
         Orcbow            |       |       |       |    23 |       |       ||    23
         Arbalest          |       |       |       |       |       |   369 ||   369
   Cast: Slow              |     3 |     1 |    14 |    17 |       |       ||    35
         Fireball          |       |       |       |     5 |    38 |     2 ||    45
         Irradiate         |       |       |       |     2 |     9 |       ||    11
 Invoke: Slouch            |       |       |       |       |     6 |    13 ||    19
  Evoke: Wand              |       |       |       |     9 |       |     2 ||    11
         Condenser vane    |       |       |       |       |     3 |     2 ||     5
    Use: Scroll            |       |     8 |       |    16 |     5 |     4 ||    33
         Potion            |       |     3 |       |     1 |     2 |     7 ||    13
   Stab: Distracted        |       |       |     1 |     5 |     6 |     4 ||    16
         Sleeping          |       |       |     1 |    13 |     9 |     8 ||    31
 Armour: Robe              |     5 |       |       |       |    23 |    15 ||    43
         Ring mail         |     1 |    12 |   144 |   267 |   273 |   204 ||   901
         Scale mail        |       |    50 |       |       |       |       ||    50
         Acid dragon scale |       |       |       |       |    24 |       ||    24
  Dodge: Dodged            |    55 |    59 |   353 |   684 |   911 |   753 ||  2815
  Block: Kite shield       |       |       |       |    41 |   991 |   373 ||  1405

Table legend: (Time is in decaauts)
 A = Elapsed time spent in this place.
 B = Non-inter-level travel time spent in this place.
 C = Inter-level travel time spent in this place.
 D = Time resting spent in this place.
 E = Time spent auto-exploring this place.
 F = Levels seen in this place.
 G = Mean time per level.
                   A        B        C        D        E       F      G
               +--------+--------+--------+--------+--------+-----+--------+
         Total |  49252 |  45862 |   3390 |   4320 |  32464 |  31 | 1588.8 |
       Dungeon |  26189 |  24443 |   1746 |   1828 |  18496 |  15 | 1745.9 |
        Temple |     77 |     77 |      0 |      0 |      5 |   1 |   77.0 |
          Lair |  10964 |  10165 |    799 |    797 |   7501 |   5 | 2192.8 |
        Shoals |   4370 |   4137 |    233 |    726 |   2356 |   3 | 1456.7 |
  Orcish Mines |   2587 |   2264 |    323 |    340 |   1383 |   2 | 1293.5 |
   Elven Halls |   4181 |   3894 |    287 |    568 |   2477 |   3 | 1393.7 |
        Depths |      1 |      1 |      0 |      0 |      0 |   1 |    1.0 |
      Gauntlet |    880 |    880 |      0 |     61 |    246 |   1 |  880.0 |
               +--------+--------+--------+--------+--------+-----+--------+

Top non-repeatable levels by time:
  Lair:5: 3073 daAuts
   Elf:1: 2570 daAuts
    D:15: 2490 daAuts
     D:9: 2331 daAuts
    D:14: 2269 daAuts
    D:13: 2189 daAuts
  Lair:4: 2127 daAuts
  Lair:2: 2107 daAuts
Shoals:2: 2096 daAuts
  Lair:3: 2093 daAuts
    D:11: 2021 daAuts
    D:12: 1977 daAuts
     D:8: 1914 daAuts
     D:7: 1857 daAuts
Shoals:1: 1816 daAuts
